 Dungeon Crawl Stone Soup version 0.25-a0-635-g0c6c292 (webtiles) character file.

Game seed: 7087818975323939170, levelgen mode: deterministic

101 relicbr the Conjurer (level 4, -3/24 HPs)
             Began as a Tengu Conjurer on Mar 20, 2020.
             Killed from afar by Sigmund (10 damage)
             ... with a magic dart
             ... on level 3 of the Dungeon.
             The game lasted 00:04:27 (1878 turns).

relicbr the Conjurer (Tengu Conjurer)               Turns: 1878, Time: 00:04:27

Health: -3/24      AC:  3    Str:  8    XL:     4   Next: 75%
Magic:  5/8        EV: 12    Int: 17    God:
Gold:   160        SH:  0    Dex: 14    Spells: 4/7 levels left

rFire    . . .     SeeInvis .   e - +0 short sword
rCold    . . .     Gourm    .   (no shield)
rNeg     . . .     Faith    .   m - +0 leather armour
rPois    .         Spirit   .   (helmet restricted)
rElec    .         Reflect  .   (no cloak)
rCorr    .         Harm     .   (no gloves)
MR       .....                  (boots unavailable)
Stlth    ++........             (no amulet)
HPRegen  0.08/turn              (no ring)
MPRegen  0.11/turn              (no ring)

@: no status effects
A: beak, talons 3
a: no special abilities


You were on level 3 of the Dungeon.
You were not hungry.

You visited 1 branch of the dungeon, and saw 3 of its levels.

You collected 160 gold pieces.

Inventory:

Hand Weapons
 e - a +0 short sword (weapon)
Armour
 m - a +0 leather armour (worn)
Scrolls
 a - a scroll of remove curse
 b - a scroll of identify {unknown}
 i - a scroll of enchant armour {unknown}
 k - a scroll of teleportation
 l - a scroll of amnesia {unknown}
Potions
 d - 2 potions of lignification {unknown}
 f - a potion of invisibility {unknown}
 h - a potion of resistance {unknown}
 j - a potion of flight {unknown}
Comestibles
 c - 4 rations


   Skills:
 - Level 2.1 Dodging
 - Level 2.0 Stealth
 - Level 2.0 Spellcasting
 * Level 7.9 Conjurations


You had 4 spell levels left.
You knew the following spells:

 Your Spells              Type           Power        Failure   Level  Hunger
a - Magic Dart            Conj           ####         1%          1    #......
b - Searing Ray           Conj           ####..       1%          2    ###....

Your spell library contained the following spells:

 Spells                   Type           Power        Failure   Level  Hunger
 Dazzling Flash           Conj/Hex       ###...       17%         3    ###....
 Fulminant Prism          Conj/Hex       ###.......   50%         4    #####..
 Iskenderun's Mystic Bla  Conj/Tloc      ###.....     50%         4    #####..


Dungeon Overview and Level Annotations

Branches:
Dungeon (3/15)

Altars:
Cheibriados
Gozag
Hepliaklqana
Nemelex Xobeh
Okawaru
Qazlal
Uskayaw
Wu Jian
Zin
The Shining One

Annotations:
D:3 Sigmund


Innate Abilities, Weirdness & Mutations

You have a beak for a mouth.
You have claws for feet.


Message History

The orc throws a boomerang.
The boomerang hits you.
The weapon returns to the orc!
The searing ray hits something!
Something hits you!
* * * LOW HITPOINT WARNING * * *
The orc throws a boomerang.
The boomerang hits you but does no damage.
The weapon returns to the orc!
The orc throws a boomerang.
The boomerang closely misses you.
The weapon returns to the orc!
The orc throws a boomerang.
The boomerang hits you but does no damage.
The weapon returns to the orc!
Things that are here:
a +0 ring mail; a +0 falchion
There is a stone staircase leading up here.
The orc throws a boomerang.
The boomerang closely misses you.
The weapon returns to the orc!
A magic dart appears from out of thin air!
The magic dart hits you!
You die...

#.......#...#.. #....##
#......o#.#.#.# #..#.#.
........†#.#.#.#
###..#.#
.##......#.#...#
#..#..#.
##......##...####..#.##
##.......#..#..#.#.....#
...........###.....8.8..
.......[.#..#..#.#.....#
...##..@.##...####..#.##
... #.#.#.#...# #..#..#
.. #.#.#.#.#.# ###..#.
#.#.#.#.#.# #..#.#.
..#.#...#.. #....## .
..##. # ##.. ..# #. ..#
. #..# ..


You could see an orc.

Vanquished Creatures
  Terence (D:3)
  2 adders (D:2)
  2 worms (D:2)
  A dart slug (D:2)
  2 leopard geckos
  6 orcs (D:3)
  3 bats
  2 giant cockroaches
  2 goblins (D:2)
  3 hobgoblins
  9 jackals (D:2)
  2 ball pythons
  3 frilled lizards
  3 kobolds
  A rat (D:1)
42 creatures vanquished.

Notes
Turn   | Place    | Note
-------+----------+-------------------------------------------
     0 | D:1      | relicbr the Tengu Conjurer began the quest for the Orb.
     0 | D:1      | Reached XP level 1. HP: 10/10 MP: 4/4
   101 | D:1      | You fall into a shaft and drop 1 floor!
   353 | D:2      | Reached XP level 2. HP: 15/15 MP: 1/6
   404 | D:2      | Learned a level 2 spell: Searing Ray
   441 | D:2      | Reached skill level 6 in Conjurations
   540 | D:2      | Reached XP level 3. HP: 12/19 MP: 2/7
   877 | D:2      | Found a sparkling altar of Nemelex Xobeh.
   882 | D:2      | Found a hazy altar of Hepliaklqana.
   883 | D:2      | Found a hide-covered altar of Uskayaw.
   884 | D:2      | Found a snail-covered altar of Cheibriados.
   885 | D:2      | Found a glowing golden altar of the Shining One.
   886 | D:2      | Found a stormy altar of Qazlal.
   887 | D:2      | Found an ornate altar of the Wu Jian Council.
   888 | D:2      | Found an iron altar of Okawaru.
  1069 | D:2      | Found an opulent altar of Gozag.
  1070 | D:2      | Found a glowing silver altar of Zin.
  1157 | D:2      | Reached skill level 7 in Conjurations
  1409 | D:3      | Noticed Terence
  1416 | D:3      | Killed Terence
  1416 | D:3      | Reached XP level 4. HP: 24/24 MP: 1/8
  1855 | D:3      | Noticed Sigmund
  1878 | D:3      | Killed from afar by Sigmund

Levels and vault maps discovered:
D:1:      minmay_arrival_hallway, layout_basic
D:2:      layout_loops_ring, grunt_temple_overflow_gold_and_silver, minitemple,
          first_ration, wander_ebering_terrifying_dragon_lair
D:3:      wad_crossroads, layout_basic, uniq_sigmund, uniq_terence

Skill      XL: |  1  2  3 |
---------------+----------+-----
Conjurations   | 6 7 |  7.9
Dodging        | |  2.1
Stealth        | |  2.0
Spellcasting   | |  2.0

Action                   |  1- 3 |  4- 6 || total
-------------------------+-------+-------++-------
Melee: Short sword       |    29 |    16 ||    45
       Peck              |     4 |     3 ||     7
       Kick              |     4 |     5 ||     9
 Cast: Magic Dart        |    27 |     5 ||    32
       Searing Ray       |     9 |     4 ||    13
  Use: Scroll            |       |     2 ||     2
 Stab: Sleeping          |     1 |     1 ||     2
  Eat: Chunk             |     2 |     2 ||     4
Armor: Robe              |     7 |       ||     7
       Leather armour    |     2 |    11 ||    13
Dodge: Dodged            |    28 |    25 ||    53

Table legend:
 A = Non-vault XP
 B = Vault XP
 C = Vault XP percentage of total XP
 D = Non-vault monster count
 E = Vault monster count
 F = Vault count percentage of total count
                 A         B        C        D         E       F
            +---------+---------+-------+---------+---------+-------
      Total |     107 |      38 |  26.2 |      39 |       3 |   7.1
            +---------+---------+-------+---------+---------+-------
        D:1 |       2 |       0 |   0.0 |       2 |       0 |   0.0
        D:2 |      77 |       1 |   1.3 |      25 |       1 |   3.8
        D:3 |      28 |      37 |  56.9 |      12 |       2 |  14.3
            +---------+---------+-------+---------+---------+-------
